Knights vs Harfangs
Created - 3 mars 2017 at 19:02
Goals
|
| Knights |
1 |
0 |
2 |
3 |
| Harfangs |
1 |
1 |
2 |
4 |
|
Shots
|
| Knights |
13 |
11 |
16 |
40 |
| Harfangs |
17 |
7 |
7 |
31 |
|
1st period
1. Knights , Zack Hamill 17 (Chris Thorburn) at 7:24
2. Harfangs , Jean-Gabriel Pageau 23 (Victor Bartley, Cam Fowler) at 10:45
Penalties :
Nikita Nikitin (Lon) for Roughing (Minor) at 14:45
2nd period
3. Harfangs , Cam Atkinson 11 (Alex Killorn, Petri Kontiola) at 0:34 (PP)
Penalties :
Chris Thorburn (Lon) for Holding (Minor) at 0:22, Scott Jackson (Lon) for Hooking (Minor) at 2:00, Jason Zucker (Lon) for Roughing (Minor) at 4:58, Petri Kontiola (BEA) for Slashing (Minor) at 5:19, Jason Zucker (Lon) for Roughing (Minor) at 8:57, Peter Olvecky (BEA) for Holding (Minor) at 18:06
3rd period
4. Harfangs , Alex Killorn 32 (Victor Bartley) at 0:06
5. Harfangs , Roman Wick 13 (Angelo Esposito, Dustin Jeffrey) at 2:46
6. Knights , Chris Thorburn 27 (Tomas Kundratek, Jared Spurgeon) at 7:39 (PP)
7. Knights , Michael Raffl 21 (Joe Colborne) at 8:55
Penalties :
Dylan Olsen (BEA) for Hooking (Minor) at 7:25, Jean-Gabriel Pageau (BEA) for High sticking (Minor) at 12:57, Petri Kontiola (BEA) for Roughing (Minor) at 14:42
Goalie Stats
Ben Scrivens (Lon), 27 saves from 31 shots - (0,871), L, 15-6-2, 59:03 minutes
Jeremy Duchesne (BEA), 37 saves from 40 shots - (0,925), W, 23-10-0, 60:00 minutes
Players Stats for Knights
Player Name G A P +/- PIM S H SB GA TA FO MP PP MP PK MP
------------------------------------------------------------------------------------
Chris Thorburn 1 1 2 -1 2 3 5 0 1 0 0/3 23:04 3:13 3:01
Cody Bass 0 0 0 0 0 6 1 0 1 1 4/7 13:37 0:10 1:45
Jared Spurgeon 0 1 1 -2 0 2 0 2 1 1 0/0 23:12 3:39 3:36
Jason Zucker 0 0 0 0 4 1 1 0 2 1 0/1 21:58 2:55 1:17
Jimmy Hayes 0 0 0 0 0 2 1 0 2 0 5/6 18:09 2:50 3:15
Joe Colborne 0 1 1 0 0 2 3 0 0 0 5/13 14:35 2:50 0:00
Jonathan Huberdeau 0 0 0 0 0 4 0 0 0 0 1/1 11:29 0:00 1:20
Kevin Hayes 0 0 0 0 0 2 2 0 0 0 0/0 9:15 0:00 0:00
Linden Vey 0 0 0 0 0 1 0 0 1 0 0/0 7:11 0:15 0:00
Michael Raffl 1 0 1 -1 0 1 1 0 0 0 0/2 16:53 3:18 1:45
Michael Stone 0 0 0 0 0 1 0 0 0 0 0/0 12:31 0:00 0:00
Nikita Nikitin 0 0 0 1 2 2 2 1 2 1 0/0 23:21 2:39 1:47
Ronalds Kenins 0 0 0 0 0 0 0 0 0 0 0/1 6:09 0:00 0:00
Ryan Nugent-Hopkins 0 0 0 0 0 0 0 0 0 0 2/3 7:06 0:00 0:37
Scott Jackson 0 0 0 -1 2 1 0 1 1 0 0/0 18:09 2:39 2:03
Tomas Kundratek 0 1 1 0 0 5 2 2 0 2 0/0 29:20 3:39 3:36
Zach Trotman 0 0 0 0 0 3 1 0 0 0 0/0 13:45 0:00 1:58
Zack Hamill 1 0 1 -1 0 4 1 0 0 0 10/29 22:03 3:23 0:00
Players Stats for Harfangs
Player Name G A P +/- PIM S H SB GA TA FO MP PP MP PK MP
------------------------------------------------------------------------------------
Alex Killorn 1 1 2 1 0 3 2 1 0 0 6/9 25:36 3:31 3:23
Alex Plante 0 0 0 0 0 0 0 0 0 1 0/0 6:56 0:00 0:00
Andrew Orpik 0 0 0 -1 0 1 2 2 0 1 0/0 17:52 2:42 2:26
Angelo Esposito 0 1 1 1 0 1 0 0 0 0 5/9 11:32 0:00 0:00
Brandon Pirri 0 0 0 0 0 0 0 0 0 0 0/0 5:05 0:00 0:00
Brian Lashoff 0 0 0 -1 0 1 1 1 0 1 0/0 17:52 2:42 2:26
Cam Atkinson 1 0 1 0 0 4 3 0 2 1 0/1 19:21 3:34 1:18
Cam Fowler 0 1 1 1 0 0 1 3 1 1 0/0 26:03 3:48 3:38
Dennis Everberg 0 0 0 0 0 0 0 0 0 0 0/0 0:28 0:03 0:02
Dustin Jeffrey 0 1 1 1 0 1 0 0 0 0 0/1 11:32 0:00 0:00
Dylan Olsen 0 0 0 1 2 0 0 2 0 0 0/0 8:54 0:00 0:00
Emerson Etem 0 0 0 1 0 0 0 0 0 0 0/0 2:53 0:00 1:53
Jean-Gabriel Pageau 1 0 1 -1 2 6 1 1 0 2 9/14 16:52 2:53 0:57
Joel Armia 0 0 0 0 0 0 0 0 0 0 0/0 0:00 0:00 0:00
Mark Alt 0 0 0 0 0 0 0 0 0 0 0/0 0:00 0:00 0:00
Michal Repik 0 0 0 -1 0 1 1 0 1 0 0/1 15:56 2:53 0:00
Mike Hoffman 0 0 0 0 0 0 0 0 0 0 0/1 4:44 0:09 0:09
Nathan Beaulieu 0 0 0 1 0 0 0 2 0 1 0/0 8:55 0:00 0:00
Nick Holden 0 0 0 0 0 0 0 0 0 0 0/0 6:56 0:00 0:00
Peter Olvecky 0 0 0 0 2 6 0 0 0 1 1/1 19:28 2:53 2:23
Petri Kontiola 0 1 1 0 4 3 0 1 1 1 18/29 20:18 3:33 0:52
Reid McNeill 0 0 0 0 0 0 0 0 0 0 0/0 0:14 0:00 0:14
Roman Wick 1 0 1 1 0 2 1 0 1 0 0/0 11:32 0:00 0:00
Tomas Tatar 0 0 0 0 0 0 0 0 0 1 0/0 6:29 0:00 1:24
Victor Bartley 0 2 2 1 0 2 0 0 0 0 0/0 26:17 3:48 3:52
3 Stars
1 - Alex Killorn (BEA)
2 - Chris Thorburn (Lon)
3 - Roman Wick (BEA)
Power Play
Knights - 1 on 5 Attempt(s) - 20,00%
Harfangs - 1 on 5 Attempt(s) - 20,00%
Penalty Kill
Knights - 4 on 5 Attempt(s) - 80,00%
- Score 0 goal in Penalty Kill
Harfangs - 4 on 5 Attempt(s) - 80,00%
- Score 0 goal in Penalty Kill
Team Stat
Knights - Hits : 20 - Faceoff Wins : 27 - Blocked Shots : 6 - Penalty Minutes : 10
Harfangs - Hits : 12 - Faceoff Wins : 39 - Blocked Shots : 13 - Penalty Minutes : 10
Official
Referees : Joannette Marc and Jackson Dave
Linesman : Thor Nelson and Lonnie Cameron
Game Notes
No Game Note
Finance
Level 1 -- Attendance: 1610 (80,50%) -- Ticket Income 48 300 $
Level 2 -- Attendance: 722 (72,20%) -- Ticket Income 10 830 $
Total Attendance: 2332 (77,73%)
Total Ticket Income: 59 130 $
Other Income: 2 956 $
Total Income: 62 086 $
Knights
5 vs 5 Forward
Center Left Wing Right Wing Time % Phy DF OF
1 Zack Hamill Jason Zucker Chris Thorburn 40 0 2 3
2 Joe Colborne Michael Raffl Jimmy Hayes 30 0 2 3
3 Cody Bass Jonathan Huberdeau Kevin Hayes 20 0 2 3
4 Ryan Nugent-Hopkins Ronalds Kenins Linden Vey 10 1 2 2
5 vs 5 Defense
Defense Defense Time % Phy DF OF
1 Tomas Kundratek Nikita Nikitin 40 1 2 2
2 Jared Spurgeon Scott Jackson 30 1 2 2
3 Michael Stone Zach Trotman 20 1 2 2
4 Tomas Kundratek Jared Spurgeon 10 1 2 2
PowerPlay Forward
Center Left Wing Right Wing Time % Phy DF OF
1 Zack Hamill Michael Raffl Chris Thorburn 60 0 1 4
2 Joe Colborne Jason Zucker Jimmy Hayes 40 0 1 4
PowerPlay Defense
Defense Defense Time % Phy DF OF
1 Tomas Kundratek Jared Spurgeon 60 0 1 4
2 Nikita Nikitin Scott Jackson 40 0 1 4
Penalty Kill 4 Players Forward
Center Wing Time % Phy DF OF
1 Jimmy Hayes Chris Thorburn 60 1 2 2
2 Cody Bass Michael Raffl 40 1 2 2
Penalty Kill 4 Players Defense
Defense Defense Time % Phy DF OF
1 Tomas Kundratek Jared Spurgeon 60 1 2 2
2 Nikita Nikitin Scott Jackson 40 1 2 2
Penalty Kill - 3 Players Forward
Forward Time % Phy DF OF
1 Chris Thorburn 60 1 2 2
2 Jimmy Hayes 40 1 2 2
Penalty Kill - 3 Players Defense
Defense Defense Time % Phy DF OF
1 Tomas Kundratek Jared Spurgeon 60 1 2 2
2 Nikita Nikitin Scott Jackson 40 1 2 2
4 vs 4 Forward
Center Wing Time % Phy DF OF
1 Zack Hamill Jason Zucker 60 1 2 2
2 Ryan Nugent-Hopkins Michael Raffl 40 1 2 2
4 vs 4 Defense
Defense Defense Time % Phy DF OF
1 Tomas Kundratek Jared Spurgeon 60 1 2 2
2 Nikita Nikitin Scott Jackson 40 1 2 2
Last Minutes Offensive
Center Left Wing Right Wing Defense Defense
Zack Hamill Jason Zucker Chris Thorburn Tomas Kundratek Jared Spurgeon
Last Minutes Defensive
Center Left Wing Right Wing Defense Defense
Joe Colborne Michael Raffl Chris Thorburn Tomas Kundratek Jared Spurgeon
Goaltenders
Starting : Ben Scrivens
Backup : Jeff Glass
Extra Forwards
Normal : Cody Bass, Linden Vey, Jason Zucker - PP : Cody Bass, Linden Vey - PK : Jason Zucker
Extra Defensemen
Normal : Michael Stone, Zach Trotman, Nikita Nikitin - PP : Michael Stone - PK : Zach Trotman, Nikita Nikitin
Penalty Shots
Chris Thorburn, Jason Zucker, Zack Hamill, Michael Raffl, Joe Colborne
Harfangs
5 vs 5 Forward
Center Left Wing Right Wing Time % Phy DF OF
1 Petri Kontiola Alex Killorn Cam Atkinson 40 1 2 2
2 Jean-Gabriel Pageau Peter Olvecky Michal Repik 30 1 2 2
3 Angelo Esposito Dustin Jeffrey Roman Wick 20 1 2 2
4 Alex Killorn Tomas Tatar Brandon Pirri 10 1 2 2
5 vs 5 Defense
Defense Defense Time % Phy DF OF
1 Victor Bartley Cam Fowler 40 1 2 2
2 Brian Lashoff Andrew Orpik 30 1 2 2
3 Nathan Beaulieu Dylan Olsen 20 1 2 2
4 Nick Holden Alex Plante 10 1 2 2
PowerPlay Forward
Center Left Wing Right Wing Time % Phy DF OF
1 Petri Kontiola Alex Killorn Cam Atkinson 60 1 2 2
2 Jean-Gabriel Pageau Peter Olvecky Michal Repik 40 1 2 2
PowerPlay Defense
Defense Defense Time % Phy DF OF
1 Victor Bartley Cam Fowler 60 1 2 2
2 Brian Lashoff Andrew Orpik 40 1 2 2
Penalty Kill 4 Players Forward
Center Wing Time % Phy DF OF
1 Alex Killorn Peter Olvecky 60 1 2 2
2 Petri Kontiola Cam Atkinson 40 1 2 2
Penalty Kill 4 Players Defense
Defense Defense Time % Phy DF OF
1 Victor Bartley Cam Fowler 60 1 2 2
2 Brian Lashoff Andrew Orpik 40 1 2 2
Penalty Kill - 3 Players Forward
Forward Time % Phy DF OF
1 Alex Killorn 60 1 2 2
2 Peter Olvecky 40 1 2 2
Penalty Kill - 3 Players Defense
Defense Defense Time % Phy DF OF
1 Victor Bartley Cam Fowler 60 1 2 2
2 Brian Lashoff Andrew Orpik 40 1 2 2
4 vs 4 Forward
Center Wing Time % Phy DF OF
1 Alex Killorn Peter Olvecky 60 1 2 2
2 Petri Kontiola Cam Atkinson 40 1 2 2
4 vs 4 Defense
Defense Defense Time % Phy DF OF
1 Victor Bartley Cam Fowler 60 1 2 2
2 Brian Lashoff Andrew Orpik 40 1 2 2
Last Minutes Offensive
Center Left Wing Right Wing Defense Defense
Petri Kontiola Alex Killorn Cam Atkinson Victor Bartley Cam Fowler
Last Minutes Defensive
Center Left Wing Right Wing Defense Defense
Petri Kontiola Alex Killorn Cam Atkinson Victor Bartley Cam Fowler
Goaltenders
Starting : Jeremy Duchesne
Backup : Darcy Kuemper
Extra Forwards
Normal : Mike Hoffman, Dennis Everberg, Emerson Etem - PP : Mike Hoffman, Dennis Everberg - PK : Emerson Etem
Extra Defensemen
Normal : Mark Alt, Reid McNeill, Nathan Beaulieu - PP : Mark Alt - PK : Reid McNeill, Nathan Beaulieu
Penalty Shots
Alex Killorn, Peter Olvecky, Petri Kontiola, Cam Atkinson, Dustin Jeffrey
% Time on Ice - Knights
Lines # - Real PCT - Wanted PCT - Time Play
Normal Forward
1 - 38% - 40% - 16:47
2 - 27% - 30% - 12:08
3 - 21% - 20% - 9:15
4 - 14% - 10% - 6:09
Normal Defense
1 - 41% - 40% - 18:12
2 - 29% - 30% - 12:47
3 - 25% - 20% - 10:56
4 - 5% - 10% - 2:24
PP Forward
1 - 55% - 60% - 3:28
2 - 45% - 40% - 2:50
PP Defense
1 - 58% - 60% - 3:39
2 - 42% - 40% - 2:39
PK Forward
1 - 73% - 60% - 4:45
2 - 27% - 40% - 1:45
PK Defense
1 - 55% - 60% - 3:36
2 - 45% - 40% - 2:54
PK3 Forward
1 - 0% - 60%
2 - 0% - 40%
PK3 Defense
1 - 0% - 60%
2 - 0% - 40%
44 Forward
1 - 100% - 60% - 1:38
2 - 0% - 40% - 0:00
44 Defense
1 - 63% - 60% - 1:02
2 - 37% - 40% - 0:36
Last Minute Offensive - 1:15
Last Minute Defensive - 0:00
Total
Forward - 60:00
Defense - 60:00
|
% Time on Ice - Harfangs
Lines # - Real PCT - Wanted PCT - Time Play
Normal Forward
1 - 31% - 40% - 13:57
2 - 31% - 30% - 13:48
3 - 26% - 20% - 11:32
4 - 11% - 10% - 5:05
Normal Defense
1 - 37% - 40% - 16:34
2 - 27% - 30% - 11:57
3 - 20% - 20% - 8:55
4 - 16% - 10% - 6:56
PP Forward
1 - 56% - 60% - 3:37
2 - 44% - 40% - 2:53
PP Defense
1 - 58% - 60% - 3:48
2 - 42% - 40% - 2:42
PK Forward
1 - 79% - 60% - 4:46
2 - 21% - 40% - 1:18
PK Defense
1 - 60% - 60% - 3:38
2 - 40% - 40% - 2:26
PK3 Forward
1 - 100% - 60% - 0:14
2 - 0% - 40% - 0:00
PK3 Defense
1 - 100% - 60% - 0:14
2 - 0% - 40% - 0:00
44 Forward
1 - 83% - 60% - 1:21
2 - 17% - 40% - 0:17
44 Defense
1 - 63% - 60% - 1:02
2 - 37% - 40% - 0:36
Last Minute Offensive - 0:00
Last Minute Defensive - 1:12
Total
Forward - 60:00
Defense - 60:00
|
Play by Play
1st period
0:01 of 1st period - Petri Kontiola wins face-off versus Zack Hamill in neutral zone.
0:09 of 1st period - Wrist shot by Cam Atkinson.
0:09 of 1st period - Shot Hit the Post.
0:21 of 1st period - Cam Fowler is hit by Chris Thorburn and loses puck.
0:40 of 1st period - Wrist shot by Petri Kontiola.
0:40 of 1st period - Stopped by Ben Scrivens with a rebound.
0:42 of 1st period - Snap shot by Cam Atkinson.
0:42 of 1st period - Stopped by Ben Scrivens without a rebound.
0:43 of 1st period - Jean-Gabriel Pageau wins face-off versus Joe Colborne in Knights zone.
0:44 of 1st period - Slapshot by Peter Olvecky.
0:44 of 1st period - Stopped by Ben Scrivens with a rebound.
0:46 of 1st period - Snap shot by Michal Repik.
0:46 of 1st period - Stopped by Ben Scrivens with a rebound.
0:48 of 1st period - Wrist shot by Andrew Orpik.
0:48 of 1st period - Deflect By Peter Olvecky.
0:48 of 1st period - Stopped by Ben Scrivens without a rebound.
0:49 of 1st period - Jean-Gabriel Pageau wins face-off versus Joe Colborne in Knights zone.
1:22 of 1st period - Slapshot by Jean-Gabriel Pageau.
1:22 of 1st period - Shot Misses the Net.
1:24 of 1st period - Backhand shot by Andrew Orpik.
1:24 of 1st period - Stopped by Ben Scrivens without a rebound.
1:25 of 1st period - Cody Bass wins face-off versus Angelo Esposito in Knights zone.
1:55 of 1st period - Nathan Beaulieu is hit by Zach Trotman and loses puck.
2:34 of 1st period - Cam Atkinson is hit by Tomas Kundratek and loses puck.
2:53 of 1st period - Angelo Esposito is hit by Nikita Nikitin and loses puck.
3:00 of 1st period - Snap shot by Cody Bass.
3:00 of 1st period - Shot Misses the Net.
3:52 of 1st period - Off-side.
3:53 of 1st period - Ryan Nugent-Hopkins wins face-off versus Dustin Jeffrey in neutral zone.
5:00 of 1st period - Michael Stone is hit by Roman Wick.
5:47 of 1st period - Alex Killorn is hit by Chris Thorburn and loses puck.
6:09 of 1st period - Off-side.
6:10 of 1st period - Joe Colborne wins face-off versus Jean-Gabriel Pageau in neutral zone.
6:20 of 1st period - Snap shot by Peter Olvecky.
6:20 of 1st period - Stopped by Ben Scrivens without a rebound.
6:21 of 1st period - Jean-Gabriel Pageau wins face-off versus Zack Hamill in Knights zone.
6:32 of 1st period - Wrist shot by Jean-Gabriel Pageau.
6:32 of 1st period - Shot Misses the Net.
6:34 of 1st period - Wrist shot by Jean-Gabriel Pageau.
6:34 of 1st period - Stopped by Ben Scrivens with a rebound.
6:36 of 1st period - Snap shot by Peter Olvecky.
6:36 of 1st period - Stopped by Ben Scrivens with a rebound.
6:58 of 1st period - Dustin Jeffrey is hit by Joe Colborne.
7:10 of 1st period - Snap shot by Cody Bass.
7:10 of 1st period - Deflect By Brian Lashoff.
7:10 of 1st period - Stopped by Jeremy Duchesne with a rebound.
7:14 of 1st period - Snap shot by Cody Bass.
7:14 of 1st period - Shot Blocked by Andrew Orpik.
7:16 of 1st period - Wrist shot by Kevin Hayes.
7:16 of 1st period - Stopped by Jeremy Duchesne without a rebound.
7:17 of 1st period - Jean-Gabriel Pageau wins face-off versus Zack Hamill in Harfangs zone.
7:24 of 1st period - Snap shot by Zack Hamill.
7:24 of 1st period - Goal by Zack Hamill - Knights : 1 - Harfangs : 0.
7:25 of 1st period - Zack Hamill wins face-off versus Petri Kontiola in neutral zone.
8:12 of 1st period - Off-side.
8:13 of 1st period - Cody Bass wins face-off versus Angelo Esposito in neutral zone.
8:50 of 1st period - Slapshot by Roman Wick.
8:50 of 1st period - Shot Misses the Net.
9:07 of 1st period - Snap shot by Angelo Esposito.
9:07 of 1st period - Deflect By Cody Bass.
9:07 of 1st period - Shot Blocked by Jared Spurgeon.
9:07 of 1st period - Puck is out of play.
9:08 of 1st period - Petri Kontiola wins face-off versus Zack Hamill in Knights zone.
9:15 of 1st period - Snap shot by Alex Killorn.
9:15 of 1st period - Shot Misses the Net.
9:17 of 1st period - Slapshot by Cam Atkinson.
9:17 of 1st period - Shot Blocked by Tomas Kundratek.
9:19 of 1st period - Snap shot by Cam Atkinson.
9:19 of 1st period - Stopped by Ben Scrivens with a rebound.
9:21 of 1st period - Wrist shot by Alex Killorn.
9:21 of 1st period - Shot Misses the Net.
9:23 of 1st period - Wrist shot by Petri Kontiola.
9:23 of 1st period - Stopped by Ben Scrivens with a rebound.
9:44 of 1st period - Wrist shot by Jimmy Hayes.
9:44 of 1st period - Stopped by Jeremy Duchesne with a rebound.
9:46 of 1st period - Wrist shot by Joe Colborne.
9:46 of 1st period - Shot Misses the Net.
10:37 of 1st period - Slapshot by Jean-Gabriel Pageau.
10:37 of 1st period - Stopped by Ben Scrivens without a rebound.
10:38 of 1st period - Jean-Gabriel Pageau wins face-off versus Joe Colborne in Knights zone.
10:39 of 1st period - Wrist shot by Peter Olvecky.
10:39 of 1st period - Shot Blocked by Jared Spurgeon.
10:41 of 1st period - Slapshot by Cam Fowler.
10:41 of 1st period - Shot Blocked by Scott Jackson.
10:43 of 1st period - Wrist shot by Victor Bartley.
10:43 of 1st period - Deflect By Jean-Gabriel Pageau.
10:43 of 1st period - Stopped by Ben Scrivens with a rebound.
10:45 of 1st period - Snap shot by Jean-Gabriel Pageau.
10:45 of 1st period - Goal by Jean-Gabriel Pageau - Knights : 1 - Harfangs : 1.
10:46 of 1st period - Petri Kontiola wins face-off versus Zack Hamill in neutral zone.
11:38 of 1st period - Snap shot by Jonathan Huberdeau.
11:38 of 1st period - Stopped by Jeremy Duchesne with a rebound.
11:40 of 1st period - Wrist shot by Cody Bass.
11:40 of 1st period - Deflect By Jonathan Huberdeau.
11:40 of 1st period - Shot Misses the Net.
11:40 of 1st period - Puck is out of play.
11:41 of 1st period - Zack Hamill wins face-off versus Petri Kontiola in Harfangs zone.
11:42 of 1st period - Snap shot by Chris Thorburn.
11:42 of 1st period - Shot Blocked by Dylan Olsen.
11:44 of 1st period - Snap shot by Zack Hamill.
11:44 of 1st period - Shot Misses the Net.
11:46 of 1st period - Slapshot by Nikita Nikitin.
11:46 of 1st period - Stopped by Jeremy Duchesne with a rebound.
11:48 of 1st period - Slapshot by Tomas Kundratek.
11:48 of 1st period - Stopped by Jeremy Duchesne with a rebound.
11:50 of 1st period - Snap shot by Zack Hamill.
11:50 of 1st period - Stopped by Jeremy Duchesne with a rebound.
11:52 of 1st period - Slapshot by Tomas Kundratek.
11:52 of 1st period - Deflect By Alex Killorn.
11:52 of 1st period - Stopped by Jeremy Duchesne with a rebound.
11:54 of 1st period - Wrist shot by Zack Hamill.
11:54 of 1st period - Stopped by Jeremy Duchesne with a rebound.
11:56 of 1st period - Backhand shot by Chris Thorburn.
11:56 of 1st period - Shot Blocked by Petri Kontiola.
12:08 of 1st period - Tomas Kundratek is hit by Jean-Gabriel Pageau and loses puck.
12:31 of 1st period - Snap shot by Kevin Hayes.
12:31 of 1st period - Stopped by Jeremy Duchesne without a rebound.
12:32 of 1st period - Cody Bass wins face-off versus Petri Kontiola in Harfangs zone.
12:57 of 1st period - Jean-Gabriel Pageau is hit by Chris Thorburn and loses puck.
13:24 of 1st period - Snap shot by Joe Colborne.
13:24 of 1st period - Shot Blocked by Brian Lashoff.
13:26 of 1st period - Slapshot by Zach Trotman.
13:26 of 1st period - Stopped by Jeremy Duchesne with a rebound.
13:28 of 1st period - Snap shot by Jimmy Hayes.
13:28 of 1st period - Stopped by Jeremy Duchesne without a rebound.
13:29 of 1st period - Ryan Nugent-Hopkins wins face-off versus Petri Kontiola in Harfangs zone.
14:15 of 1st period - Icing by Chris Thorburn.
14:16 of 1st period - Angelo Esposito wins face-off versus Joe Colborne in Knights zone.
14:23 of 1st period - Wrist shot by Dustin Jeffrey.
14:23 of 1st period - Stopped by Ben Scrivens without a rebound.
14:24 of 1st period - Petri Kontiola wins face-off versus Chris Thorburn in Knights zone.
14:31 of 1st period - Snap shot by Petri Kontiola.
14:31 of 1st period - Shot Blocked by Nikita Nikitin.
14:33 of 1st period - Slapshot by Brian Lashoff.
14:33 of 1st period - Stopped by Ben Scrivens with a rebound.
14:45 of 1st period - Minor Penalty to Nikita Nikitin for Roughing.
14:46 of 1st period - Jimmy Hayes wins face-off versus Petri Kontiola in Knights zone.
16:45 of 1st period - Penalty to Nikita Nikitin is over, Nikita Nikitin is back on ice.
16:59 of 1st period - Tomas Kundratek is hit by Brian Lashoff and loses puck.
17:14 of 1st period - Tomas Tatar is hit by Michael Raffl.
18:07 of 1st period - Peter Olvecky is hit by Zack Hamill and loses puck.
19:02 of 1st period - Snap shot by Petri Kontiola.
19:02 of 1st period - Shot Misses the Net.
19:04 of 1st period - Wrist shot by Petri Kontiola.
19:04 of 1st period - Shot Misses the Net.
19:06 of 1st period - Slapshot by Victor Bartley.
19:06 of 1st period - Stopped by Ben Scrivens without a rebound.
19:07 of 1st period - Jean-Gabriel Pageau wins face-off versus Zack Hamill in Knights zone.
Goals for this period are 1 for Knights vs 1 for Harfangs.
Shots for this period are 13 for Knights vs 17 for Harfangs.
2nd period
0:01 of 2nd period - Petri Kontiola wins face-off versus Zack Hamill in neutral zone.
0:10 of 2nd period - Wrist shot by Alex Killorn.
0:10 of 2nd period - Shot Misses the Net.
0:22 of 2nd period - Minor Penalty to Chris Thorburn for Holding.
0:23 of 2nd period - Petri Kontiola wins face-off versus Jimmy Hayes in Knights zone.
0:34 of 2nd period - Wrist shot by Cam Atkinson.
0:34 of 2nd period - Goal by Cam Atkinson - Knights : 1 - Harfangs : 2.
0:35 of 2nd period - Petri Kontiola wins face-off versus Zack Hamill in neutral zone.
0:50 of 2nd period - Wrist shot by Alex Killorn.
0:50 of 2nd period - Stopped by Ben Scrivens with a rebound.
1:15 of 2nd period - Wrist shot by Jean-Gabriel Pageau.
1:15 of 2nd period - Shot Misses the Net.
1:25 of 2nd period - Backhand shot by Nikita Nikitin.
1:25 of 2nd period - Deflect By Andrew Orpik.
1:25 of 2nd period - Stopped by Jeremy Duchesne with a rebound.
1:27 of 2nd period - Backhand shot by Jimmy Hayes.
1:27 of 2nd period - Shot Misses the Net.
1:29 of 2nd period - Wrist shot by Michael Raffl.
1:29 of 2nd period - Shot Misses the Net.
1:31 of 2nd period - Snap shot by Tomas Kundratek.
1:31 of 2nd period - Shot Blocked by Andrew Orpik.
1:51 of 2nd period - Snap shot by Chris Thorburn.
1:51 of 2nd period - Stopped by Jeremy Duchesne without a rebound.
1:52 of 2nd period - Petri Kontiola wins face-off versus Zack Hamill in Harfangs zone.
2:00 of 2nd period - Minor Penalty to Scott Jackson for Hooking.
2:01 of 2nd period - Jimmy Hayes wins face-off versus Petri Kontiola in Knights zone.
2:33 of 2nd period - Cam Fowler is hit by Nikita Nikitin and loses puck.
3:02 of 2nd period - Michael Raffl is hit by Alex Killorn.
3:48 of 2nd period - Wrist shot by Jared Spurgeon.
3:48 of 2nd period - Deflect By Cody Bass.
3:48 of 2nd period - Shot Misses the Net.
3:48 of 2nd period - Puck is out of play.
3:49 of 2nd period - Peter Olvecky wins face-off versus Cody Bass in Harfangs zone.
3:58 of 2nd period - Slapshot by Michael Raffl.
3:58 of 2nd period - Deflect By Cody Bass.
3:58 of 2nd period - Shot Misses the Net.
3:58 of 2nd period - Puck is out of play.
3:59 of 2nd period - Jimmy Hayes wins face-off versus Petri Kontiola in Harfangs zone.
4:00 of 2nd period - Penalty to Scott Jackson is over, Scott Jackson is back on ice.
4:26 of 2nd period - Snap shot by Kevin Hayes.
4:26 of 2nd period - Shot Hit the Post.
4:44 of 2nd period - Slapshot by Peter Olvecky.
4:44 of 2nd period - Stopped by Ben Scrivens with a rebound.
4:48 of 2nd period - Snap shot by Peter Olvecky.
4:48 of 2nd period - Shot Misses the Net.
4:58 of 2nd period - Minor Penalty to Jason Zucker for Roughing.
4:59 of 2nd period - Jimmy Hayes wins face-off versus Petri Kontiola in Knights zone.
4:59 of 2nd period - Jimmy Hayes is hit by Cam Atkinson.
5:19 of 2nd period - Minor Penalty to Petri Kontiola for Slashing.
5:20 of 2nd period - Zack Hamill wins face-off versus Alex Killorn in Harfangs zone.
5:31 of 2nd period - Slapshot by Zack Hamill.
5:31 of 2nd period - Deflect By Cody Bass.
5:31 of 2nd period - Shot Misses the Net.
5:31 of 2nd period - Puck is out of play.
5:32 of 2nd period - Zack Hamill wins face-off versus Alex Killorn in Harfangs zone.
6:58 of 2nd period - Penalty to Jason Zucker is over, Jason Zucker is back on ice.
7:08 of 2nd period - Cam Fowler is hit by Joe Colborne and loses puck.
7:19 of 2nd period - Penalty to Petri Kontiola is over, Petri Kontiola is back on ice.
7:39 of 2nd period - Wrist shot by Peter Olvecky.
7:39 of 2nd period - Stopped by Ben Scrivens with a rebound.
8:18 of 2nd period - Snap shot by Jean-Gabriel Pageau.
8:18 of 2nd period - Stopped by Ben Scrivens with a rebound.
8:35 of 2nd period - Icing by Linden Vey.
8:36 of 2nd period - Cody Bass wins face-off versus Mike Hoffman in Knights zone.
8:43 of 2nd period - Snap shot by Jonathan Huberdeau.
8:43 of 2nd period - Stopped by Jeremy Duchesne with a rebound.
8:45 of 2nd period - Snap shot by Cody Bass.
8:45 of 2nd period - Shot Misses the Net.
8:47 of 2nd period - Snap shot by Cody Bass.
8:47 of 2nd period - Stopped by Jeremy Duchesne without a rebound.
8:48 of 2nd period - Zack Hamill wins face-off versus Angelo Esposito in Harfangs zone.
8:49 of 2nd period - Wrist shot by Jason Zucker.
8:49 of 2nd period - Stopped by Jeremy Duchesne without a rebound.
8:50 of 2nd period - Angelo Esposito wins face-off versus Jason Zucker in Harfangs zone.
8:50 of 2nd period - Angelo Esposito is hit by Chris Thorburn.
8:57 of 2nd period - Minor Penalty to Jason Zucker for Roughing.
8:58 of 2nd period - Jimmy Hayes wins face-off versus Petri Kontiola in Knights zone.
10:57 of 2nd period - Penalty to Jason Zucker is over, Jason Zucker is back on ice.
13:41 of 2nd period - Snap shot by Joe Colborne.
13:41 of 2nd period - Stopped by Jeremy Duchesne with a rebound.
15:36 of 2nd period - Wrist shot by Petri Kontiola.
15:36 of 2nd period - Stopped by Ben Scrivens without a rebound.
15:37 of 2nd period - Jonathan Huberdeau wins face-off versus Petri Kontiola in Knights zone.
15:40 of 2nd period - Wrist shot by Cam Atkinson.
15:40 of 2nd period - Shot Misses the Net.
15:50 of 2nd period - Wrist shot by Cody Bass.
15:50 of 2nd period - Stopped by Jeremy Duchesne with a rebound.
15:52 of 2nd period - Slapshot by Scott Jackson.
15:52 of 2nd period - Stopped by Jeremy Duchesne with a rebound.
16:02 of 2nd period - Petri Kontiola is hit by Jimmy Hayes.
16:18 of 2nd period - Wrist shot by Cam Atkinson.
16:18 of 2nd period - Stopped by Ben Scrivens with a rebound.
16:54 of 2nd period - Snap shot by Jonathan Huberdeau.
16:54 of 2nd period - Stopped by Jeremy Duchesne with a rebound.
17:14 of 2nd period - Slapshot by Zach Trotman.
17:14 of 2nd period - Stopped by Jeremy Duchesne without a rebound.
17:15 of 2nd period - Angelo Esposito wins face-off versus Ronalds Kenins in Harfangs zone.
17:29 of 2nd period - Slapshot by Tomas Kundratek.
17:29 of 2nd period - Stopped by Jeremy Duchesne with a rebound.
17:41 of 2nd period - Wrist shot by Angelo Esposito.
17:41 of 2nd period - Deflect By Roman Wick.
17:41 of 2nd period - Shot Misses the Net.
17:41 of 2nd period - Puck is out of play.
17:42 of 2nd period - Zack Hamill wins face-off versus Petri Kontiola in Knights zone.
17:47 of 2nd period - Slapshot by Jared Spurgeon.
17:47 of 2nd period - Shot Blocked by Cam Fowler.
18:06 of 2nd period - Minor Penalty to Peter Olvecky for Holding.
18:07 of 2nd period - Zack Hamill wins face-off versus Alex Killorn in Harfangs zone.
18:16 of 2nd period - Snap shot by Zack Hamill.
18:16 of 2nd period - Shot Misses the Net.
19:52 of 2nd period - Petri Kontiola is hit by Cody Bass and loses puck.
Goals for this period are 0 for Knights vs 1 for Harfangs.
Shots for this period are 11 for Knights vs 7 for Harfangs.
3rd period
0:01 of 3rd period - Alex Killorn wins face-off versus Chris Thorburn in neutral zone.
0:06 of 3rd period - Penalty to Peter Olvecky is over, Peter Olvecky is back on ice.
0:06 of 3rd period - Snap shot by Alex Killorn.
0:06 of 3rd period - Goal by Alex Killorn - Knights : 1 - Harfangs : 3.
0:07 of 3rd period - Petri Kontiola wins face-off versus Zack Hamill in neutral zone.
0:10 of 3rd period - Slapshot by Victor Bartley.
0:10 of 3rd period - Stopped by Ben Scrivens without a rebound.
0:11 of 3rd period - Zack Hamill wins face-off versus Cam Atkinson in Knights zone.
0:11 of 3rd period - Zack Hamill is hit by Alex Killorn.
0:28 of 3rd period - Off-side.
0:29 of 3rd period - Jean-Gabriel Pageau wins face-off versus Michael Raffl in neutral zone.
0:44 of 3rd period - Snap shot by Joe Colborne.
0:44 of 3rd period - Shot Blocked by Cam Fowler.
0:56 of 3rd period - Nikita Nikitin is hit by Cam Atkinson and loses puck.
1:01 of 3rd period - Slapshot by Alex Killorn.
1:01 of 3rd period - Stopped by Ben Scrivens without a rebound.
1:02 of 3rd period - Petri Kontiola wins face-off versus Zack Hamill in Knights zone.
1:11 of 3rd period - Snap shot by Alex Killorn.
1:11 of 3rd period - Shot Misses the Net.
1:36 of 3rd period - Slapshot by Chris Thorburn.
1:36 of 3rd period - Deflect By Michael Raffl.
1:36 of 3rd period - Shot Misses the Net.
1:36 of 3rd period - Puck is out of play.
1:37 of 3rd period - Joe Colborne wins face-off versus Michal Repik in Harfangs zone.
1:47 of 3rd period - Snap shot by Joe Colborne.
1:47 of 3rd period - Shot Blocked by Cam Fowler.
1:57 of 3rd period - Tomas Kundratek is hit by Cam Fowler and loses puck.
2:14 of 3rd period - Snap shot by Chris Thorburn.
2:14 of 3rd period - Stopped by Jeremy Duchesne without a rebound.
2:15 of 3rd period - Petri Kontiola wins face-off versus Zack Hamill in Harfangs zone.
2:26 of 3rd period - Slapshot by Andrew Orpik.
2:26 of 3rd period - Shot Misses the Net.
2:46 of 3rd period - Wrist shot by Roman Wick.
2:46 of 3rd period - Goal by Roman Wick - Knights : 1 - Harfangs : 4.
2:47 of 3rd period - Petri Kontiola wins face-off versus Joe Colborne in neutral zone.
3:33 of 3rd period - Slapshot by Dustin Jeffrey.
3:33 of 3rd period - Shot Misses the Net.
3:35 of 3rd period - Backhand shot by Dustin Jeffrey.
3:35 of 3rd period - Shot Misses the Net.
3:37 of 3rd period - Snap shot by Roman Wick.
3:37 of 3rd period - Deflect By Angelo Esposito.
3:37 of 3rd period - Stopped by Ben Scrivens with a rebound.
3:50 of 3rd period - Icing by Dustin Jeffrey.
3:51 of 3rd period - Angelo Esposito wins face-off versus Ryan Nugent-Hopkins in Harfangs zone.
3:59 of 3rd period - Off-side.
4:00 of 3rd period - Petri Kontiola wins face-off versus Zack Hamill in neutral zone.
4:02 of 3rd period - Off-side.
4:03 of 3rd period - Petri Kontiola wins face-off versus Zack Hamill in neutral zone.
4:55 of 3rd period - Slapshot by Roman Wick.
4:55 of 3rd period - Stopped by Ben Scrivens without a rebound.
4:56 of 3rd period - Angelo Esposito wins face-off versus Cody Bass in Knights zone.
5:05 of 3rd period - Angelo Esposito is hit by Kevin Hayes and loses puck.
6:12 of 3rd period - Slapshot by Linden Vey.
6:12 of 3rd period - Stopped by Jeremy Duchesne without a rebound.
6:13 of 3rd period - Zack Hamill wins face-off versus Angelo Esposito in Harfangs zone.
6:38 of 3rd period - Jared Spurgeon is hit by Michal Repik and loses puck.
7:25 of 3rd period - Minor Penalty to Dylan Olsen for Hooking.
7:26 of 3rd period - Alex Killorn wins face-off versus Michael Raffl in Harfangs zone.
7:26 of 3rd period - Alex Killorn is hit by Chris Thorburn.
7:37 of 3rd period - Wrist shot by Tomas Kundratek.
7:37 of 3rd period - Stopped by Jeremy Duchesne with a rebound.
7:39 of 3rd period - Wrist shot by Chris Thorburn.
7:39 of 3rd period - Goal by Chris Thorburn - Knights : 2 - Harfangs : 4.
7:40 of 3rd period - Petri Kontiola wins face-off versus Zack Hamill in neutral zone.
7:51 of 3rd period - Cam Atkinson is hit by Jason Zucker and loses puck.
8:04 of 3rd period - Victor Bartley is hit by Tomas Kundratek and loses puck.
8:46 of 3rd period - Icing by Nikita Nikitin.
8:47 of 3rd period - Zack Hamill wins face-off versus Jean-Gabriel Pageau in Knights zone.
8:47 of 3rd period - Zack Hamill is hit by Andrew Orpik.
8:53 of 3rd period - Snap shot by Tomas Kundratek.
8:53 of 3rd period - Stopped by Jeremy Duchesne without a rebound.
8:54 of 3rd period - Joe Colborne wins face-off versus Jean-Gabriel Pageau in Harfangs zone.
8:55 of 3rd period - Wrist shot by Michael Raffl.
8:55 of 3rd period - Goal by Michael Raffl - Knights : 3 - Harfangs : 4.
8:56 of 3rd period - Joe Colborne wins face-off versus Jean-Gabriel Pageau in neutral zone.
9:29 of 3rd period - Snap shot by Cam Atkinson.
9:29 of 3rd period - Shot Misses the Net.
10:09 of 3rd period - Linden Vey is hit by Andrew Orpik and loses puck.
10:30 of 3rd period - Wrist shot by Joe Colborne.
10:30 of 3rd period - Shot Misses the Net.
11:23 of 3rd period - Snap shot by Ronalds Kenins.
11:23 of 3rd period - Shot Blocked by Jean-Gabriel Pageau.
11:25 of 3rd period - Slapshot by Zach Trotman.
11:25 of 3rd period - Stopped by Jeremy Duchesne with a rebound.
11:27 of 3rd period - Slapshot by Zach Trotman.
11:27 of 3rd period - Shot Misses the Net.
11:29 of 3rd period - Snap shot by Michael Stone.
11:29 of 3rd period - Stopped by Jeremy Duchesne without a rebound.
11:30 of 3rd period - Jean-Gabriel Pageau wins face-off versus Joe Colborne in Harfangs zone.
11:47 of 3rd period - Michal Repik is hit by Joe Colborne.
12:16 of 3rd period - Roman Wick is hit by Kevin Hayes and loses puck.
12:21 of 3rd period - Wrist shot by Jonathan Huberdeau.
12:21 of 3rd period - Stopped by Jeremy Duchesne with a rebound.
12:25 of 3rd period - Wrist shot by Cody Bass.
12:25 of 3rd period - Stopped by Jeremy Duchesne with a rebound.
12:27 of 3rd period - Snap shot by Cody Bass.
12:27 of 3rd period - Stopped by Jeremy Duchesne without a rebound.
12:28 of 3rd period - Jean-Gabriel Pageau wins face-off versus Joe Colborne in Harfangs zone.
12:35 of 3rd period - Slapshot by Joe Colborne.
12:35 of 3rd period - Stopped by Jeremy Duchesne without a rebound.
12:36 of 3rd period - Joe Colborne wins face-off versus Jean-Gabriel Pageau in Harfangs zone.
12:37 of 3rd period - Wrist shot by Jimmy Hayes.
12:37 of 3rd period - Shot Misses the Net.
12:39 of 3rd period - Slapshot by Jared Spurgeon.
12:39 of 3rd period - Deflect By Nathan Beaulieu.
12:39 of 3rd period - Stopped by Jeremy Duchesne with a rebound.
12:41 of 3rd period - Wrist shot by Michael Raffl.
12:41 of 3rd period - Shot Blocked by Nathan Beaulieu.
12:43 of 3rd period - Snap shot by Michael Raffl.
12:43 of 3rd period - Shot Blocked by Dylan Olsen.
12:45 of 3rd period - Snap shot by Jared Spurgeon.
12:45 of 3rd period - Stopped by Jeremy Duchesne with a rebound.
12:47 of 3rd period - Slapshot by Michael Raffl.
12:47 of 3rd period - Shot Misses the Net.
12:49 of 3rd period - Snap shot by Michael Raffl.
12:49 of 3rd period - Shot Blocked by Nathan Beaulieu.
12:57 of 3rd period - Minor Penalty to Jean-Gabriel Pageau for High sticking.
12:58 of 3rd period - Alex Killorn wins face-off versus Chris Thorburn in Harfangs zone.
14:42 of 3rd period - Minor Penalty to Petri Kontiola for Roughing.
14:43 of 3rd period - Alex Killorn wins face-off versus Zack Hamill in Harfangs zone.
14:57 of 3rd period - Penalty to Jean-Gabriel Pageau is over, Jean-Gabriel Pageau is back on ice.
15:48 of 3rd period - Wrist shot by Jean-Gabriel Pageau.
15:48 of 3rd period - Deflect By Joe Colborne.
15:48 of 3rd period - Stopped by Ben Scrivens with a rebound.
15:55 of 3rd period - Icing by Jimmy Hayes.
15:56 of 3rd period - Alex Killorn wins face-off versus Joe Colborne in Knights zone.
15:59 of 3rd period - Snap shot by Alex Killorn.
15:59 of 3rd period - Shot Misses the Net.
16:42 of 3rd period - Penalty to Petri Kontiola is over, Petri Kontiola is back on ice.
17:06 of 3rd period - Ronalds Kenins is hit by Cam Atkinson and loses puck.
18:50 of 3rd period - Knights, Ben Scrivens is pulled from the net.
18:58 of 3rd period - Snap shot by Zack Hamill.
18:58 of 3rd period - Stopped by Jeremy Duchesne without a rebound.
18:59 of 3rd period - Tom Renney call a timeout for Knights.
18:59 of 3rd period - Petri Kontiola wins face-off versus Zack Hamill in Harfangs zone.
19:04 of 3rd period - Snap shot by Zack Hamill.
19:04 of 3rd period - Deflect By Jason Zucker.
19:04 of 3rd period - Shot Blocked by Alex Killorn.
19:04 of 3rd period - Puck is out of play.
19:05 of 3rd period - Petri Kontiola wins face-off versus Zack Hamill in Harfangs zone.
19:15 of 3rd period - Icing by Zack Hamill.
19:16 of 3rd period - Ben Scrivens from Knights was sent back in the game.
19:16 of 3rd period - Petri Kontiola wins face-off versus Cody Bass in Knights zone.
19:21 of 3rd period - Backhand shot by Alex Killorn.
19:21 of 3rd period - Shot Blocked by Tomas Kundratek.
19:29 of 3rd period - Knights, Ben Scrivens is pulled from the net.
19:46 of 3rd period - Snap shot by Cody Bass.
19:46 of 3rd period - Stopped by Jeremy Duchesne without a rebound.
19:47 of 3rd period - Alex Killorn wins face-off versus Zack Hamill in Harfangs zone.
Goals for this period are 2 for Knights vs 2 for Harfangs.
Shots for this period are 16 for Knights vs 7 for Harfangs.
Back to the Top